 Dungeon Crawl Stone Soup version 0.21.1-1-g345015fe64 (webtiles) character file.

56 Peloso the Covered (level 3, -3/49 HPs)
             Began as a Minotaur Fighter on June 28, 2018.
             Killed by divine providence
             ... invoked by an orc priest
              (10 damage)
             ... on level 3 of the Dungeon.
             The game lasted 00:02:56 (1838 turns).

Peloso the Covered (Minotaur Fighter)               Turns: 1838, Time: 00:02:58

Health: -3/49      AC: 21    Str: 20    XL:     3   Next: 71%
Magic:  2/2        EV:  2    Int:  5    God:
Gold:   88         SH:  0    Dex: 10    Spells: 2/2 levels left

rFire    . . .     SeeInvis .   a - +0 long sword
rCold    . . .     Gourm    .   c - +0 shield
rNeg     + + +     Faith    .   (armour currently unavailable)
rPois    +         Spirit   .   (helmet currently unavailable)
rElec    .         Reflect  .   (cloak currently unavailable)
rCorr    .         Harm     .   (gloves currently unavailable)
MR       .....     NoTele   +   (boots currently unavailable)
Stlth    ..........             (no amulet)
HPRegen  0.16/turn              o - ring of loudness (curse)
MPRegen  0.08/turn              (no ring)

@: confused, tree-form
A: (retaliatory headbutt)
a: no special abilities


You were on level 3 of the Dungeon.
You were not hungry.
You were a tree.
You visited 1 branch of the dungeon, and saw 3 of its levels.

You collected 88 gold pieces.

Inventory:

Hand Weapons
 a - a +0 long sword (weapon)
Missiles
 n - 42 bolts
Armour
 c - a +0 shield (worn)
 p - a scarf of resistance (melded)
 q - a +0 chain mail (melded)
Jewellery
 o - a cursed ring of loudness (left branch)
Scrolls
 b - a scroll of immolation {unknown}
 e - a scroll of enchant weapon {unknown}
 g - 2 scrolls of fog {unknown}
 i - 3 scrolls of amnesia {unknown}
 j - a scroll of remove curse {unknown}
 k - 3 scrolls of identify {unknown}
 m - a scroll of fear {unknown}
 s - a scroll of teleportation {unknown}
Potions
 d - a potion of might
 l - a potion of heal wounds {unknown}
Comestibles
 f - 2 rations


   Skills:
 + Level 4.0 Fighting
 + Level 3.6 Long Blades
 + Level 4.2 Armour
 + Level 0.1 Dodging
 + Level 4.1 Shields


You had 2 spell levels left.
You didn't know any spells.

Dungeon Overview and Level Annotations

Branches:
Dungeon (3/15)

Altars:
Vehumet


Innate Abilities, Weirdness & Mutations

((You reflexively headbutt those who attack you in melee.))
((You have a pair of horns on your head.))


Message History

The orc priest hits you but does no damage.
You hit the orc priest.
The orc priest is severely wounded.
The orc hits you but does no damage.
You hear some strange, mumbled words.
You are confused.
The orc priest hits you but does no damage.
The orc hits you with a whip.
* * * LOW HITPOINT WARNING * * *
You closely miss something. The orc hits you but does no damage.
Something hits you but does no damage. The orc hits you with a whip.
* * * LOW HITPOINT WARNING * * *
Unknown command.
It was a potion of lignification.
You turn into a tree.
Your scarf of resistance melds into your body.
Your +0 chain mail melds into your body.
You feel hot and cold all over.
Your roots penetrate the ground.
The orc priest calls down the wrath of Beogh upon you.
Beogh smites you!
You die...

## #### $ ...#
#.###.######## ####
#.#....#.....#
#.$..#............+
.......#.♣.......<# ..#
........o.o#......#...#
......##..............#
........).....†.........
#....$..................
.................!....##
.#......................
###+#....$....#........
......#.#....#+##.#...


You could see an orc priest and an orc.

Vanquished Creatures
  A gnoll (D:1)
  An adder (D:2)
  2 dart slugs
  An orc (D:3)
  5 goblins
  4 hobgoblins
  2 jackals (D:2)
  2 ball pythons
  8 bats
  2 frilled lizards
  2 kobolds (D:1)
  3 rats
33 creatures vanquished.

Notes
Turn   | Place    | Note
-------+----------+-------------------------------------------
     0 | D:1      | Peloso the Minotaur Fighter began the quest for the Orb.
     0 | D:1      | Reached XP level 1. HP: 19/19 MP: 0/0
   412 | D:1      | Reached XP level 2. HP: 27/27 MP: 1/1
   617 | D:1      | Reached XP level 3. HP: 30/33 MP: 2/2
  1437 | D:2      | Found a radiant altar of Vehumet.
  1838 | D:3      | Killed from afar by an orc priest

Skill      XL: |  1  2  3 |
---------------+----------+-----
Armour         | 4 |  4.2
Long Blades    | 3 |  3.6
Fighting       | 4 |  4.0
Shields        | 4 |  4.1
Dodging        | |  0.1

Action                   || total
-------------------------++-------
Melee: Long sword        ||   119
       Headbutt          ||    19
  Use: Potion            ||     1
  Eat: Chunk             ||     3
Armor: Scale mail        ||    45
       Chain mail        ||    51
Dodge: Dodged            ||    35
Block: Shield            ||    76
       Rpst.: Long sword ||     9
